 Dungeon Crawl Stone Soup version 0.23.2-1-ga50397a (webtiles) character file.

Game seed: 2284859066430643946

89707 schauveau the Severer (level 15, -10/103 HPs)
             Began as a Gargoyle Berserker on May 3, 2019.
             Was the Champion of Trog.
             Mangled by a tarantella (16 damage)
             ... on level 1 of the Spider Nest.
             The game lasted 00:58:26 (21626 turns).

schauveau the Severer (Gargoyle Berserker)         Turns: 21626, Time: 00:58:27

Health: -10/103    AC: 37    Str: 32    XL:     15   Next: 98%
Magic:  16/16      EV:  9    Int:  8    God:    Trog [******]
Gold:   2085       SH:  0    Dex:  9    Spells: 14/14 levels left

rFire    + + .     SeeInvis .   a - +10 battleaxe of the Grave {flame, Str+2}
rCold    + . .     Gourm    .   (shield currently unavailable)
rNeg     + . .     Faith    .   e - +3 plate armour {rC+}
rPois    ∞         Spirit   .   B - +0 helmet
rElec    +         Reflect  .   Y - +2 cloak {MR+}
rCorr    .         Harm     .   p - +2 pair of gloves {Str+3}
MR       +++..                  (no boots)
Stlth    ..........             U - amulet of Lilacs {MR+ Regen+}
HPRegen  1.07/turn              R - ring of protection from fire
MPRegen  0.15/turn              Z - ring of protection from fire

@: confused
A: big wings, icy blue scales 1, deformed body, high mp 1, negative energy
resistance 1, regeneration 1, electricity resistance, unbreathing, petrification
resistance, rot immunity, AC +11
a: Fly, Berserk, Trog's Hand, Brothers in Arms, Renounce Religion


You were on level 1 of the Spider Nest.
You worshipped Trog.
Trog was exalted by your worship.
You were not hungry.

You visited 4 branches of the dungeon, and saw 22 of its levels.
You also visited: Bailey and Volcano.

You collected 2484 gold pieces.
You spent 399 gold pieces at shops.

Inventory:

Hand Weapons
 a - the +10 battleaxe of the Grave (weapon) {flame, Str+2}
   (Trog gifted it to you on level 6 of the Lair of Beasts)

   It has been specially enchanted to burn those struck by it, causing extra
   injury to most foes and up to half again as much damage against particularly
   susceptible opponents.
   Big, fiery blades are also staple armaments of hydra-hunters.
   It affects your strength (+2).
 z - the +10 morningstar "Eos" {elec, Halo rElec}
   (You found it on level 6 of the Lair of Beasts)

   Occasionally, upon striking a foe, it will discharge some electrical energy
   and cause terrible harm.
   It insulates you from electricity.
 G - a +0 blowgun
 N - a +3 executioner's axe of venom
Missiles
 o - 4 poisoned tomahawks (quivered)
 t - 16 tomahawks of returning
 A - 16 curare-tipped needles
 E - 31 bolts
Armour
 e - a +3 plate armour of cold resistance (worn)
 p - a +2 pair of gloves of strength (worn)
 B - a +0 helmet (worn)
 Y - a +2 cloak of magic resistance (worn)
Jewellery
 f - an uncursed ring of protection from cold
 k - an uncursed ring of protection from cold
 r - an uncursed ring of ice
 R - a ring of protection from fire (left hand)
 U - the amulet of Lilacs (around neck) {MR+ Regen+}
   (You took it off an orc on level 8 of the Dungeon)

   [amulet of regeneration]

   It affects your resistance to hostile enchantments.
   It increases your rate of regeneration.
 Z - a ring of protection from fire (right hand)
Wands
 q - a wand of flame (14)
 w - a wand of disintegration (4)
 F - a wand of paralysis (10)
 H - a wand of acid (24)
Scrolls
 d - 13 scrolls of remove curse
 j - 8 scrolls of teleportation
 m - 3 scrolls of identify
 y - a scroll of fear
 D - 4 scrolls of fog
 L - 3 scrolls of blinking
 M - a scroll of magic mapping
Potions
 b - 4 potions of haste
 h - 3 potions of invisibility
 i - 2 potions of resistance
 l - 4 potions of heal wounds
 n - 4 potions of might
 u - 3 potions of ambrosia
 v - 4 potions of berserk rage
 Q - a potion of cancellation
 V - 9 potions of curing
Comestibles
 c - 36 rations


   Skills:
 + Level 15.1 Fighting
 * Level 17.4 Axes
 + Level 15.0 Armour
 - Level 1.5 Dodging


You had 14 spell levels left.
You didn't know any spells.
Your spell library was empty.

Dungeon Overview and Level Annotations

Branches:
Dungeon (13/15)            Temple (0/1) D:4            Lair (6/6) D:11
 Shoals (0/4) Lair:3       Spider (1/4) Lair:2        Slime (0/5) Lair:5
    Orc (2/2) D:10            Elf (0/3) Orc:2
 Vaults: D:13-14

Altars:
Dithmenos
Fedhas
Hepliaklqana
Makhleb
Nemelex Xobeh
Qazlal
Sif Muna
Trog
Uskayaw
Vehumet
Yredelemnul
The Shining One
Beogh
Jiyva

Shops:
D:4 [   D:8 %   Orc:2 *%=}

Annotations:
Lair:5 1 runed translucent door


Innate Abilities, Weirdness & Mutations

You are resistant to torment.
Your stone body is resilient. (AC +11)
You are immune to poison.
Your large and strong wings let you fly indefinitely.
You resist negative energy. (rN+)
You are resistant to electric shocks. (rElec)
You can survive without breathing.
You are immune to petrification.
You are immune to rotting.
You are partially covered in icy blue scales. (AC +2)
Armour fits poorly on your strangely shaped body.
You have an increased reservoir of magic. (+10% MP)
Your natural rate of healing is unusually fast.


Message History

The tarantella bites you!
The jumping spider pounces on you but does no damage.
The jumping spider bites you but does no damage.
The web tears apart.
The jumping spider hisses angrily.
The tarantella bites you!
* * * LOW HITPOINT WARNING * * *
The demonic crawler hits you but does no damage.
The demonic crawler barely misses you. The demonic crawler hits you.
* * * LOW HITPOINT WARNING * * *
The jumping spider leaps!
The tarantella bites you.
* * * LOW HITPOINT WARNING * * *
The jumping spider leaps!
The demonic crawler hits you but does no damage. x3
The jumping spider leaps!
The tarantella bites you!
* * * LOW HITPOINT WARNING * * *
The demonic crawler hits you but does no damage. x2
The demonic crawler barely misses you.
The jumping spider leaps!
The tarantella bites you!
You die...

..$ ### .(.##
#.. #....# ..#
. #..#. ..#
..#....#:.
..%..#... .
#....######>.
###..†#○s..○.
#...@s†.s....
##.ss†.s...#.
..^..^...s.###
..########s..#
#..#.#.#)#.#.#
..#.#.#.##..?#
..##.# # #....
.#.# #....# ##
#.##..


You could see a demonic crawler, 4 orb spiders, 2 jumping spiders and a
tarantella (berserk).

Vanquished Creatures
  Jorgrun (D:13)
  Kirke (Lair:4)
  An orc warlord (Orc:1)
  A red draconian (Volcano)
  The ghost of esteth the Martial Artist, a journeyman OpTm of Elyvilon (Lair:6)
  A fire dragon (Lair:6)
  An ogre mage (Volcano)
  4 hydras
  Harold (D:8)
  Erica (D:8)
  7 two-headed ogres
  4 death yaks (Lair:6)
  Urug (D:10)
  Sonja (D:10)
  3 unseen horrors
  6 orc knights
  A lindwurm (Lair:6)
  Pikel (D:8)
  2 manticores
  2 ugly things
  2 orc sorcerers
  A cyclops (D:8)
  5 wolf spiders
  A centaur zombie (D:9)
  Maurice (D:8)
  4 black mambas
  Joseph (D:10)
  2 moths of wrath
  18 elephants
  A torpor snail (Lair:2)
  16 spiny frogs
  3 rime drakes
  3 molten gargoyles (Lair:6)
  7 demonic crawlers
  6 komodo dragons
  4 kobold demonologists
  A tengu conjurer (D:13)
  5 jumping spiders
  6 trolls
  A polar bear (Lair:6)
  A hornet (D:12)
  5 slime creatures (D:12)
  7 hippogriffs
  17 redbacks
  A shadow (D:10)
  Sigmund (D:4)
  A spriggan (D:7)
  A wraith (D:12)
  2 wyverns (Lair:6)
  7 basilisks
  10 tarantellas
  2 steam dragons (Lair:6)
  3 hogs (Lair:4)
  57 yaks
  A human (Lair:4)
  6 vampire mosquitoes
  3 hungry ghosts
  5 wargs
  4 porcupines
  10 water moccasins
  55 orc warriors
  4 hell hounds (Lair:6)
  2 sky beasts
  A slave (D:8)
  2 black bears (D:6)
  6 ice beasts
  2 phantoms
  2 necrophages
  12 wolves
  14 ogres
  14 crocodiles
  7 centaurs
  2 big kobolds (D:8)
  18 bullfrogs
  7 scorpions
  A water moccasin skeleton (D:8)
  9 killer bees
  9 wights
  4 electric eels (Bailey)
  5 howler monkeys
  5 lava snakes (Lair:6)
  2 bullfrog zombies
  3 quasits
  2 crimson imps
  28 orc priests
  A centaur skeleton (D:3)
  14 hounds
  4 jellies
  28 orc wizards
  5 iguanas
  Natasha (thrice) (D:2)
  5 worker ants
  A hound zombie (D:9)
  11 adders
  4 gnolls
  4 shadow imps
  A white imp (D:11)
  3 oozes
  An adder zombie (D:8)
  An adder skeleton (D:9)
  6 worms
  3 dart slugs
  5 leopard geckos
  171 orcs
  A ball python (D:7)
  6 giant cockroaches
  19 goblins
  7 hobgoblins
  11 jackals
  4 quokkas
  5 bats
  3 frilled lizards
  A jackal skeleton (D:8)
  13 kobolds
  A leopard gecko skeleton (D:4)
  A leopard gecko zombie (D:8)
  A quokka skeleton (D:4)
  3 rats
  3 bushes
  19 plants
858 creatures vanquished.

Vanquished Creatures (collateral kills)
  A hydra (Lair:1)
  Fannar (Lair:1)
  A porcupine (Lair:1)
3 creatures vanquished.

Vanquished Creatures (others)
  A steam dragon (D:8)
  2 slaves (D:8)
  An adder (D:8)
  An orc (Orc:2)
  A hobgoblin (Bailey)
  2 kobolds (D:8)
  A fungus (Lair:4)
  A plant (Lair:4)
10 creatures vanquished.

Grand Total: 871 creatures vanquished

Notes
Turn   | Place    | Note
-------+----------+-------------------------------------------
     0 | D:1      | schauveau the Gargoyle Berserker began the quest for the
                  | Orb.
     0 | D:1      | Reached XP level 1. HP: 14/14 MP: 1/1
   128 | D:1      | Reached skill level 3 in Axes
   128 | D:1      | Reached XP level 2. HP: 17/19 MP: 2/2
   389 | D:2      | Reached XP level 3. HP: 20/23 MP: 3/3
   514 | D:2      | Noticed Natasha
   528 | D:2      | Killed Natasha
   541 | D:2      | Reached ** piety under Trog
   542 | D:2      | Reached XP level 4. HP: 17/29 MP: 4/4
   596 | D:2      | Noticed Natasha
   620 | D:2      | Killed Natasha
   796 | D:2      | Noticed Natasha
   811 | D:2      | Killed Natasha
   811 | D:2      | Reached skill level 4 in Axes
   811 | D:2      | Reached XP level 5. HP: 31/33 MP: 5/5
   965 | D:2      | Found a hazy altar of Hepliaklqana.
  1359 | D:3      | Reached XP level 6. HP: 34/39 MP: 6/6
  1761 | D:3      | Found a hide-covered altar of Uskayaw.
  1857 | D:3      | Found a glowing golden altar of the Shining One.
  2082 | D:4      | Reached skill level 5 in Axes
  2142 | D:4      | Noticed Sigmund
  2158 | D:4      | Killed Sigmund
  2158 | D:4      | Reached skill level 5 in Fighting
  2158 | D:4      | Reached XP level 7. HP: 44/44 MP: 7/7
  2218 | D:4      | Found Zippab's Antique Armour Shoppe.
  2225 | D:4      | Reached *** piety under Trog
  2232 | D:4      | Bought a cloak for 139 gold pieces
  2254 | D:4      | Gained mutation: You are clumsy. (Dex -2) [potion of
                  | mutation]
  2254 | D:4      | Gained mutation: You expend magic power (3 MP) to
                  | strengthen your wands. [potion of mutation]
  2255 | D:4      | Lost mutation: You expend magic power (3 MP) to strengthen
                  | your wands. [potion of mutation]
  2255 | D:4      | Lost mutation: You are clumsy. (Dex -2) [potion of
                  | mutation]
  2255 | D:4      | Gained mutation: You are dopey. (Int -2) [potion of
                  | mutation]
  2255 | D:4      | Gained mutation: You have an increased reservoir of magic.
                  | (+10% MP) [potion of mutation]
  2268 | D:4      | Found a blossoming altar of Fedhas.
  2270 | D:4      | Found a stormy altar of Qazlal.
  2585 | D:4      | Found a staircase to the Ecumenical Temple.
  2921 | D:5      | Entered Level 5 of the Dungeon
  3113 | D:5      | Reached skill level 6 in Axes
  3113 | D:5      | Reached skill level 5 in Armour
  3200 | D:5      | Reached XP level 8. HP: 42/51 MP: 8/8
  3382 | D:5      | Got a transparent hand axe
  3383 | D:5      | Identified the +2 hand axe of Expedience {chop, rF+ Int+3
                  | Dex+2} (You found it on level 5 of the Dungeon)
  3559 | D:6      | Found a bloodstained altar of Trog.
  3570 | D:6      | Reached **** piety under Trog
  3625 | D:7      | Found a basalt altar of Yredelemnul.
  3666 | D:6      | Reached skill level 7 in Axes
  4149 | D:7      | Reached XP level 9. HP: 56/56 MP: 9/9
  4336 | D:7      | Reached skill level 8 in Axes
  4544 | D:7      | Found the +6 lightning scales {run, rElec}
  4549 | D:7      | Found a burning altar of Makhleb.
  4965 | D:8      | Noticed Pikel
  5014 | D:8      | Killed Pikel
  5190 | D:8      | Noticed a cyclops
  5206 | D:8      | Reached skill level 9 in Axes
  5213 | D:8      | Killed a cyclops
  5272 | D:8      | Noticed Harold
  5280 | D:8      | Reached XP level 10. HP: 63/64 MP: 11/11
  5294 | D:8      | Killed Harold
  5298 | D:8      | Reached ***** piety under Trog
  5308 | D:8      | Noticed Maurice
  5800 | D:8      | Reached skill level 10 in Axes
  5919 | D:8      | Noticed Erica
  5940 | D:8      | Killed Erica
  6053 | D:8      | Found a roughly hewn altar of Beogh.
  6167 | D:8      | Found Vinuriep's Food Shop.
  6181 | D:8      | Identified the amulet of Lilacs {MR+ Regen+}
  6406 | D:8      | Killed Maurice
  6619 | D:9      | Received a gift from Trog
  6743 | D:9      | Reached XP level 11. HP: 69/71 MP: 12/12
  6746 | D:9      | Reached skill level 11 in Axes
  6761 | D:9      | Noticed a two-headed ogre
  6762 | D:9      | Found a sparkling altar of Nemelex Xobeh.
  6768 | D:9      | Killed a two-headed ogre
  6854 | D:9      | Found a shadowy altar of Dithmenos.
  6946 | D:9      | Found a radiant altar of Vehumet.
  7322 | D:10     | Entered Level 10 of the Dungeon
  7451 | D:10     | Killed an unseen horror
  7451 | D:10     | Reached skill level 10 in Fighting
  7618 | D:10     | Noticed Joseph
  7640 | D:10     | Killed Joseph
  7669 | D:10     | Found a staircase to the Orcish Mines.
  7761 | Orc:1    | Entered Level 1 of the Orcish Mines
  7789 | D:10     | Noticed a two-headed ogre
  7801 | D:10     | Killed a two-headed ogre
  7801 | D:10     | Reached skill level 10 in Armour
  7863 | Orc:1    | Noticed an orc sorcerer
  7870 | Orc:1    | Noticed Sonja
  7892 | D:10     | Killed an orc sorcerer
  8065 | D:10     | Killed Sonja
  8065 | D:10     | Reached skill level 12 in Axes
  8106 | Orc:1    | Noticed Urug
  8111 | Orc:1    | Noticed an orc knight
  8171 | D:10     | Killed Urug
  8275 | Orc:1    | Killed an orc knight
  8281 | Orc:1    | Reached XP level 12. HP: 31/79 MP: 13/13
  8372 | Orc:1    | Received a gift from Trog
  8440 | Orc:1    | Noticed an orc warlord
  8461 | Orc:1    | Killed an orc warlord
  8656 | Orc:2    | Entered Level 2 of the Orcish Mines
  8805 | Orc:2    | Noticed a soul eater
  8825 | Orc:1    | Reached skill level 13 in Axes
  9023 | Orc:2    | Received a gift from Trog
  9251 | Orc:2    | Reached ****** piety under Trog
  9658 | Orc:2    | Found Tikiv's Jewellery Boutique.
  9658 | Orc:2    | Found Coxzad's Gadget Emporium.
  9687 | Orc:2    | Found a staircase to the Elven Halls.
  9860 | Orc:2    | Found Ucuuq's General Store.
  9860 | Orc:2    | Found Avedo's Food Emporium.
  9899 | Orc:2    | Bought a scroll of brand weapon for 260 gold pieces
  9946 | Orc:2    | Found a roughly hewn altar of Beogh.
 10443 | D:10     | Reached XP level 13. HP: 86/86 MP: 4/14
 10690 | D:10     | Found a deep blue altar of Sif Muna.
 10890 | D:10     | Received a gift from Trog
 11175 | D:11     | Reached skill level 14 in Axes
 11885 | D:11     | Found a staircase to the Lair.
 12197 | D:12     | Found a flagged portal.
 12216 | Bailey   | Entered a bailey
 12273 | Bailey   | Found an iron altar of Okawaru.
 12275 | Bailey   | Received a gift from Trog
 12817 | Bailey   | Lost mutation: You are dopey. (Int -2) [potion of mutation]
 12817 | Bailey   | Lost mutation: You have an increased reservoir of magic.
                  | (+10% MP) [potion of mutation]
 12817 | Bailey   | Gained mutation: Armour fits poorly on your strangely
                  | shaped body. [potion of mutation]
 12817 | Bailey   | Gained mutation: You have an increased reservoir of magic.
                  | (+10% MP) [potion of mutation]
 12817 | Bailey   | Gained mutation: Your natural rate of healing is unusually
                  | fast. [potion of mutation]
 12817 | Bailey   | Gained mutation: You expend magic power (3 MP) to
                  | strengthen your wands. [potion of mutation]
 13587 | D:12     | Found a hide-covered altar of Uskayaw.
 14246 | D:13     | Noticed Jorgrun
 14272 | D:13     | Killed Jorgrun
 14439 | D:13     | Reached skill level 15 in Axes
 14580 | D:13     | Lost mutation: Armour fits poorly on your strangely shaped
                  | body. [potion of mutation]
 14580 | D:13     | Lost mutation: You expend magic power (3 MP) to strengthen
                  | your wands. [potion of mutation]
 14580 | D:13     | Gained mutation: Your muscles are strong. (Str +2) [potion
                  | of mutation]
 14580 | D:13     | Lost mutation: Your muscles are strong. (Str +2) [potion of
                  | mutation]
 14580 | D:13     | Gained mutation: Armour fits poorly on your strangely
                  | shaped body. [potion of mutation]
 14580 | D:13     | Gained mutation: You are partially covered in icy blue
                  | scales. (AC +2) [potion of mutation]
 14905 | Lair:1   | Entered Level 1 of the Lair of Beasts
 14958 | Lair:1   | Gained mutation: Your large and strong wings let you fly
                  | indefinitely. [Gargoyle growth]
 14958 | Lair:1   | Reached XP level 14. HP: 92/94 MP: 5/15
 15373 | Lair:1   | Received a gift from Trog
 15409 | Lair:1   | Noticed Fannar
 15416 | Lair:1   | Killed Fannar
 16123 | Lair:2   | Found a dark tunnel.
 16134 | Volcano  | Entered a volcano
 16221 | Volcano  | Noticed a red draconian
 16229 | Volcano  | Killed a red draconian
 16594 | Lair:2   | Found a hole to the Spider Nest.
 17199 | Lair:3   | Found a staircase to the Shoals.
 17497 | Lair:3   | Reached skill level 16 in Axes
 17579 | Lair:3   | Received a gift from Trog
 17626 | Lair:3   | You fall through a shaft for 2 floors!
 17632 | Lair:5   | Found a runed translucent door.
 17633 | Lair:5   | Found a viscous altar of Jiyva.
 17635 | Lair:5   | Found a staircase to the Slime Pits.
 18460 | Lair:4   | Noticed Kirke
 18470 | Lair:4   | Killed Kirke
 18470 | Lair:4   | Reached XP level 15. HP: 96/100 MP: 16/16
 19784 | Lair:6   | Entered Level 6 of the Lair of Beasts
 20089 | Lair:6   | Found a runed translucent door.
 20089 | Lair:6   | Noticed esteth's ghost (journeyman OpTm)
 20090 | Lair:6   | Found the +10 morningstar "Eos" {elec, Halo rElec}
 20106 | Lair:6   | Killed esteth's ghost
 20106 | Lair:6   | Received a gift from Trog
 20120 | Lair:6   | Got a shimmering battleaxe {god gift}
 20127 | Lair:6   | Identified the +10 battleaxe of the Grave {flame, Str+2}
                  | (Trog gifted it to you on level 6 of the Lair of Beasts)
 20131 | Lair:6   | Got a bloodstained hat
 20142 | Lair:6   | Identified the +2 hat of the Known World {rElec} (You
                  | acquired it on level 6 of the Lair of Beasts)
 20621 | Lair:6   | Reached skill level 17 in Axes
 20672 | Lair:6   | Found a large runed translucent door.
 20672 | Lair:6   | Found a large runed translucent door.
 21212 | Spider:1 | Entered Level 1 of the Spider Nest
 21308 | Spider:1 | Reached skill level 15 in Fighting
 21615 | Spider:1 | Received a gift from Trog
 21615 | Spider:1 | Reached skill level 15 in Armour
 21626 | Spider:1 | Mangled by a tarantella

Skill      XL: |  1  2  3  4  5  6  7  8  9 10 11 12 13 14 15 |
---------------+----------------------------------------------+-----
Axes           | 3 4 5 6 7 9 10 12 13 15 16 17 | 17.4
Armour         | 3 4 5 6 7 9 10 11 12 14 15 | 15.0
Fighting       | 4 5 6 8 9 10 12 13 14 15 | 15.1
Dodging        | |  1.5

Action                   |  1- 3 |  4- 6 |  7- 9 | 10-12 | 13-15 || total
-------------------------+-------+-------+-------+-------+-------++-------
Melee: Hand axe          |    87 |   233 |   334 |    40 |       ||   694
       War axe           |       |       |    62 |   404 |       ||   466
       Battleaxe         |       |       |       |   321 |   625 ||   946
       Eveningstar       |       |       |       |       |     6 ||     6
       Executioner's axe |       |       |       |       |   398 ||   398
Invok: Berserk           |     1 |     3 |     2 |    10 |     9 ||    25
       Brothers in Arms  |       |       |       |       |     1 ||     1
Evoke: Wand              |       |       |       |     3 |     2 ||     5
  Use: Scroll            |       |       |     9 |    13 |    16 ||    38
       Potion            |       |       |     2 |     1 |     5 ||     8
  Eat: Chunk             |       |     8 |     9 |    23 |    25 ||    65
       Ration            |       |       |     1 |     3 |     7 ||    11
Armor: Leather armour    |     4 |       |       |       |       ||     4
       Animal skin       |     1 |       |       |       |       ||     1
       Ring mail         |    33 |   115 |    18 |       |       ||   166
       Chain mail        |       |       |   283 |   301 |       ||   584
       Plate armour      |       |       |       |   317 |  1552 ||  1869
Dodge: Dodged            |    80 |   172 |   194 |   355 |   644 ||  1445
